 Dungeon Crawl Stone Soup version 0.30.2 (webtiles) character file.

Game seed: 15293125561024544493

1039 porpoise the Trooper (level 8, -11/62 HPs)
             Began as a Djinni Conjurer on Apr 19, 2024.
             Was an Initiate of Ashenzari.
             Shot with a bolt by an orc warrior (14 damage)
             ... on level 6 of the Dungeon.
             The game lasted 00:17:12 (5356 turns).

porpoise the Trooper (Djinni Conjurer)              Turns: 5356, Time: 00:17:12

Health: -11/62     AC:  9    Str:  6    XL:     8   Next: 49%
Gold:   294        EV: 12    Int: 22    God:    Ashenzari [......] SH:  0 Dex: 12

rFire   + + .        a - +1 rapier (venom)
rCold   x . .        (no shield)
rNeg    . . .        n - +0 robe of Ashenzari's Sybil {Self, Melee} (curse)
rPois   ∞            w - +2 helmet
rElec   .            C - +1 cloak {rCorr}
rCorr   +            d - +1 pair of gloves
SInv    +            (boots unavailable)
Will    .....        (no amulet)
Stlth   ++           B - ring of see invisible
HPRegen 0.30/turn    (no ring)
MPRegen 0.00/turn

%: infuse magic (-12 HP)
@: flying
A: sickness immunity, fire resistance 2, cold vulnerability 1, float, innate
caster, HP casting, extra vitality 1
a: Renounce Religion, Curse Item, Shatter the Chains


You were on level 6 of the Dungeon.
You worshipped Ashenzari.
Ashenzari was noncommittal.
You visited 1 branch of the dungeon, and saw 6 of its levels.

You collected 294 gold pieces.

Inventory:

Hand Weapons
 a - a +1 rapier of venom (weapon)
 b - a +0 sling
Missiles
 k - 2 boomerangs (quivered)
 u - 4 curare-tipped darts
 x - 8 poisoned darts
Armour
 c - a scarf of shadows
 d - a +1 pair of gloves (worn)
 n - the cursed +0 robe of Ashenzari's Sybil (worn) {Self, Melee}

   It has a curse which improves the following skills: Introspection: Fighting
   and Spellcasting.
   Melee Combat: Short Blades, Long Blades, Axes, Maces & Flails, Polearms,
   Staves and Unarmed Combat.
 o - a +1 helmet
 t - a scarf of resistance
 w - a +2 helmet (worn)
 C - a +1 cloak of preservation (worn)
Jewellery
 B - a ring of see invisible (left hand)
Wands
 q - a wand of roots (1)
 D - a wand of paralysis (7)
Scrolls
 e - a scroll of immolation
 f - a scroll of fear
 h - 4 scrolls of brand weapon
 i - a scroll of teleportation
 l - a scroll of enchant weapon
 r - a scroll of amnesia {unknown}
 s - a scroll of vulnerability
 v - a scroll of poison {unknown}
Potions
 g - 2 potions of curing
 j - a potion of mutation
 m - 3 potions of might
 p - a potion of cancellation {unknown}
 y - 2 potions of attraction
 z - a potion of brilliance {unknown}
 A - a potion of flight {unknown}


   Skills:
 + Level 6.2(6.6) Fighting
 - Level 2.5 Dodging
 - Level 2.0 Stealth
 + Level 6.0(6.4) Spellcasting


You knew the following spells:

 Your Spells              Type           Power      Damage    Failure   Level
a - Magic Dart            Conj           100%       1d8       1%          1
b - Searing Ray           Conj           70%        2d7       1%          2
c - Stone Arrow           Conj/Erth      70%        3d11      1%          3
d - Fulminant Prism       Conj/Hex       17%        3d10      6%          4
e - Iskenderun's Mystic   Conj/Tloc      35%        2d8       6%          4
f - Sting                 Tmut/Pois      100%       1d8       1%          1
g - Dazzling Flash        Conj/Hex       70%        N/A       1%          3
k - Blink                 Tloc           70%        N/A       1%          2
Your spell library was empty.

Dungeon Overview and Level Annotations

Branches:
Dungeon (6/15)
 Temple: D:4-7

Altars:
Ashenzari
Cheibriados
Elyvilon
Ru


Innate Abilities, Weirdness & Mutations

You are immune to sickness and miasma.
You are immune to poison.
Your flesh is very heat resistant. (rF++)
You are vulnerable to cold. (rC-)
You float through the air rather than walking.
You learn spells naturally, not from books.
Your magical power is your life essence.
You have superior vitality. (+4 MHP)


Message History

The searing ray misses the orc.
You finish channelling your searing ray.
Casting: Searing Ray (safe; 1% risk of failure)
Confirm with . or Enter, or press ? or * to list all spells.
Aiming: Searing Ray (safe; 1% risk of failure)
Press: ? - help, Shift-Dir - straight line, f - orc
Aim: an orc, wielding a +0 falchion and wearing a +0 scale mail (83% to hit)
The searing ray hits the orc.
The orc is almost dead. (Press . to maintain the ray.) Unknown command.
The searing ray hits the orc but does no damage.
The orc is almost dead.
The orc hits you but does no damage. x2
An orc warrior comes into view. It is wielding a +0 long sword.
The searing ray hits the orc.
You kill the orc!
Casting: Searing Ray (safe; 1% risk of failure)
Confirm with . or Enter, or press ? or * to list all spells.
Restarting spell: Searing Ray (safe; 1% risk of failure)
Press: ? - help, Shift-Dir - straight line, f - orc
Aim: an orc, wielding a +0 short sword (81% to hit)
The searing ray hits the orc!
You kill the orc! (Press . to maintain the ray.)
The orc warrior unwields a +0 long sword.
The orc warrior wields a +0 arbalest.
The orc warrior shoots a bolt.
The bolt hits you.
Things that are here:
a +0 club; a gnoll corpse An orc wizard comes into view.
It is wielding a +0 dagger.
The orc warrior shoots a bolt.
The bolt barely misses you.
You see here a +0 spear.
The orc warrior shoots a bolt.
The bolt hits you!
* * * LOW HITPOINT WARNING * * *
The orc warrior shoots a bolt.
The bolt hits you!
* * * LOW HITPOINT WARNING * * *
There is a stone staircase leading up here.
The orc warrior shoots a bolt.
The bolt hits you!
You die...

....# ########''''###
...............
~~≈≈~~~~....~~~
≈≈≈≈≈≈≈~....≈≈≈
≈~≈~~~o≈o...~≈~
............... ....
##.@...# ..
........#......# ...
..........†)..## ....
.....>.###)).###
......##.....#~~)).~~#
.....##......#~.)♣..~#..
>......................#
...............♣._.♣....
.........................#


You could see an orc warrior and an orc wizard.

Vanquished Creatures
  Grinder (D:5)
  A water moccasin (D:5)
  2 scorpions
  2 howler monkeys (D:6)
  5 hounds
  2 orc priests (D:6)
  Crazy Yiuf (D:6)
  Terence (D:2)
  Natasha (D:4)
  2 iguanas
  7 gnolls
  7 adders
  An ufetubus (D:4)
  A worm (D:3)
  4 dart slugs
  6 orcs
  7 endoplasms
  5 giant cockroaches
  8 goblins
  3 hobgoblins
  3 quokkas
  4 ball pythons
  5 bats
  3 frilled lizards
  8 kobolds
  4 rats
94 creatures vanquished.

Vanquished Creatures (others)
  A quokka (D:6)
1 creature vanquished.

Grand Total: 95 creatures vanquished

Notes
Turn   | Place    | Note
-------+----------+-------------------------------------------
     0 | D:1      | porpoise the Djinni Conjurer began the quest for the Orb.
     0 | D:1      | porpoise set off with the following spells memorised: Magic
                  | Dart, Searing Ray, Dazzling Flash, Fulminant Prism,
                  | Iskenderun's Mystic Blast.
     0 | D:1      | Reached XP level 1. HP: 15/15 MP: 0/0
   164 | D:1      | Reached XP level 2. HP: 16/21 MP: 0/0
   626 | D:1      | Reached XP level 3. HP: 23/26 MP: 0/0
   626 | D:1      | Learned a level 1 spell: Sting
   875 | D:1      | Reached skill level 1 in Fighting
  1366 | D:2      | Reached XP level 4. HP: 12/33 MP: 0/0
  1480 | D:2      | Noticed Terence
  1487 | D:2      | Killed Terence
  1666 | D:2      | Reached XP level 5. HP: 36/39 MP: 0/0
  1666 | D:2      | Learned a level 2 spell: Blink
  2797 | D:3      | Found a snail-covered altar of Cheibriados.
  3067 | D:4      | Reached XP level 6. HP: 42/46 MP: 0/0
  3280 | D:4      | Found a broken altar of Ashenzari.
  3385 | D:4      | Became a worshipper of Ashenzari the Shackled
  3786 | D:4      | Noticed Natasha
  3795 | D:4      | Killed Natasha
  4086 | D:5      | Entered Level 5 of the Dungeon
  4125 | D:5      | Noticed a water moccasin
  4131 | D:5      | Killed a water moccasin
  4132 | D:5      | Reached skill level 5 in Spellcasting
  4132 | D:5      | Reached XP level 7. HP: 40/53 MP: 0/0
  4132 | D:5      | Learned a level 3 spell: Stone Arrow
  4422 | D:5      | Noticed Grinder
  4431 | D:5      | Killed Grinder
  4432 | D:5      | Reached skill level 5 in Fighting
  4665 | D:5      | Found a sacrificial altar of Ru.
  4739 | D:5      | Reached XP level 8. HP: 53/61 MP: 0/0
  5141 | D:6      | Found a runed translucent door.
  5142 | D:6      | Noticed Crazy Yiuf
  5148 | D:6      | Killed Crazy Yiuf
  5261 | D:6      | Found a white marble altar of Elyvilon.
  5355 | D:6      | HP: 3/62 [orc warrior/bolt (12)]
  5356 | D:6      | Shot with a bolt by an orc warrior

Illustrated notes

Levels and vault maps discovered:
D:1:      dpeg_arrival_windows_large_door, layout_loops_ring, minmay_ruptured
D:2:      layout_loops_ring, uniq_terence
D:3:      layout_rooms, lemuel_round_altar, kennysheep_generic_room_10
D:4:      layout_gridville, nicolae_ashenzari_skybound, uniq_natasha
D:5:      layout_loops_cross, nicolae_ru_path_of_blood, uniq_grinder
D:6:      lemuel_castle_with_subvaults [lemuel_castle_interior_carwin_1],
          layout_cave_pools, elyvilon_altar_4, uniq_crazy_yiuf_cottage,
          uniq_blork_the_orc

Skill      XL: |  1  2  3  4  5  6  7  8 |
---------------+-------------------------+-----
Stealth        | 2 |  2.0
Fighting       | 1 2 3 4 5 6 |  6.2
Spellcasting   | 4 5 6 |  6.0
Dodging        | |  2.5

Action                     |  1- 3 |  4- 6 |  7- 9 || total
---------------------------+-------+-------+-------++-------
  Melee: Unarmed           |     2 |       |       ||     2
         Rapier            |       |    14 |     2 ||    16
   Fire: Sling             |       |    13 |     2 ||    15
   Cast: Magic Dart        |    43 |     6 |       ||    49
         Searing Ray       |    11 |    31 |    21 ||    63
         Iskenderun's Myst |       |       |     1 ||     1
 Invoke: Curse Item        |       |     1 |       ||     1
    Use: Scroll            |       |     8 |     5 ||    13
   Stab: Sleeping          |       |       |     1 ||     1
 Armour: Robe              |     1 |    14 |    10 ||    25
  Dodge: Dodged            |     9 |    33 |    11 ||    53
